 Dungeon Crawl Stone Soup version 0.31-a0-177-g4aa6249778 (webtiles) character file.

Game seed: 2324111449703224897

84 zazu2006 the Digger (level 4, -3/32 HPs)
             Began as a Gnoll Wanderer on June 18, 2023.
             Slain by an iguana (6 damage)
             ... on level 4 of the Dungeon.
             The game lasted 00:02:41 (1135 turns).

zazu2006 the Digger (Gnoll Wanderer)                Turns: 1135, Time: 00:02:42

Health: -3/32      AC:  4    Str: 11    XL:     4   Next: 46%
Magic:  1/8        EV: 10    Int: 16    God:
Gold:   76         SH:  4    Dex:  9    Spells: 8/9 levels left

rFire   . . .        k - +0 mace
rCold   . . .        d - +0 buckler
rNeg    . . .        l - +0 leather armour
rPois   .            (no helmet)
rElec   .            (no cloak)
rCorr   .            e - +0 pair of gloves
SInv    .            (no boots)
Will    .....        (no amulet)
Stlth   ++           (no ring)
HPRegen 0.25/turn    (no ring)
MPRegen 0.11/turn

%: no passive effects
@: no status effects
A: fangs 1, strong nose, distributed training
a: no special abilities


You were on level 4 of the Dungeon.
You visited 1 branch of the dungeon, and saw 3 of its levels.

You collected 76 gold pieces.

Inventory:

Hand Weapons
 a - a +0 club
 k - a +0 mace (weapon)
Missiles
 i - 6 poisoned darts
Armour
 d - a +0 buckler (worn)
 e - a +0 pair of gloves (worn)
 l - a +0 leather armour (worn)
Scrolls
 c - a scroll of blinking {unknown}
 f - a scroll of noise {unknown}
 j - a scroll of identify {unknown}
Potions
 b - a potion of brilliance
 g - 2 potions of haste {unknown}
 h - a potion of curing {unknown}
 m - a potion of mutation {unknown}


   Skills:
 + Level 1.2 Fighting
 + Level 1.2 Short Blades
 + Level 1.2 Long Blades
 + Level 1.2 Axes
 + Level 1.2 Maces & Flails
 + Level 1.2 Polearms
 + Level 1.2 Staves
 + Level 1.2 Ranged Weapons
 + Level 1.2 Throwing
 + Level 2.8 Armour
 + Level 1.2 Dodging
 + Level 2.6 Stealth
 + Level 4.6 Shields
 + Level 1.2 Unarmed Combat
 + Level 3.0 Spellcasting
 + Level 2.2 Conjurations
 + Level 1.0 Hexes
 + Level 1.0 Summonings
 + Level 1.0 Necromancy
 + Level 1.0 Translocations
 + Level 1.0 Transmutations
 + Level 1.0 Fire Magic
 + Level 1.0 Ice Magic
 + Level 1.0 Air Magic
 + Level 5.5 Earth Magic
 + Level 1.0 Poison Magic
 + Level 1.3 Invocations
 + Level 2.8 Evocations


You had 8 spell levels left.
You knew the following spells:

 Your Spells              Type           Power      Damage    Failure   Level
a - Sandblast             Erth           40%        2d10      3%          1

Your spell library contained the following spells:

 Spells                   Type           Power      Damage    Failure   Level
 Passwall                 Tmut/Erth      10%        N/A       13%         2
 Searing Ray              Conj           18%        2d5       21%         2
 Momentum Strike          Conj/Tloc      14%        3d8       26%         2
 Ensorcelled Hibernation  Hex/Ice        10%        N/A       32%         2
 Swiftness                Air            5%         N/A       54%         3
 Petrify                  Tmut/Erth      12%        N/A       65%         4


Dungeon Overview and Level Annotations

Branches:
Dungeon (2/15)

Altars:
Ashenzari


Innate Abilities, Weirdness & Mutations

You have very sharp teeth.
Your uncanny sense of smell can sniff out nearby items.
Your experience applies equally to all skills.


Message History

Press: ? - help, Shift-Dir - straight line, f/p - iguana
Aim: an iguana (85% to hit)
The blast of sand hits the iguana.
The iguana is lightly wounded.
Casting: Sandblast (safe; 3% risk of failure)
Confirm with . or Enter, or press ? or * to list all spells.
Aiming: Sandblast (safe; 3% risk of failure)
Press: ? - help, Shift-Dir - straight line, f/p - iguana
Aim: an iguana (lightly wounded, 85% to hit)
The blast of sand hits the iguana.
The iguana is moderately wounded.
The iguana barely misses you.
Unknown command.
Casting: Sandblast (safe; 3% risk of failure)
Confirm with . or Enter, or press ? or * to list all spells.
Aiming: Sandblast (safe; 3% risk of failure)
Press: ? - help, Shift-Dir - straight line, f/p - iguana
Aim: an iguana (moderately wounded, 85% to hit)
The blast of sand hits the iguana!
The iguana is severely wounded.
The iguana bites you! x2
* * * LOW HITPOINT WARNING * * *
Unknown command.
Casting: Sandblast (safe; 3% risk of failure)
Confirm with . or Enter, or press ? or * to list all spells.
Aiming: Sandblast (safe; 3% risk of failure)
Press: ? - help, Shift-Dir - straight line, f/p - iguana
Aim: an iguana (severely wounded, 85% to hit)
The blast of sand hits the iguana.
The iguana is severely wounded.
You block the iguana's attack.
Casting: Sandblast (safe; 3% risk of failure)
Confirm with . or Enter, or press ? or * to list all spells.
Aiming: Sandblast (safe; 3% risk of failure)
Press: ? - help, Shift-Dir - straight line, f/p - iguana
Aim: an iguana (severely wounded, 85% to hit)
The blast of sand hits the iguana but does no damage.
The iguana is severely wounded.
The iguana barely misses you. The iguana bites you.
You die...

#.........###..#÷######
#................)....#
#........########.###.#
#.....................#
#####'###########.#####
'..##.#...........#
##.##.#.#######...#
##..#.#.#######.).#
##...#.........@.#
##...........l.....#
##.#....)............
#.#.......)...##.##.∆
#.#...........# .#
#.#...........# #
#.#...........#
#.#....<......#
#.#......>


You could see an iguana.

Vanquished Creatures
  An orc wizard (D:4)
  An adder (D:4)
  2 dart slugs
  2 orcs (D:4)
  5 endoplasms
  A giant cockroach (D:4)
  A goblin (D:1)
  3 hobgoblins (D:1)
  8 jackals
  2 kobolds
  6 quokkas
  2 ball pythons (D:1)
  4 rats
38 creatures vanquished.

Notes
Turn   | Place    | Note
-------+----------+-------------------------------------------
     0 | D:1      | zazu2006 the Gnoll Wanderer began the quest for the Orb.
     0 | D:1      | zazu2006 set off with the following items: a +0 club, a
                  | potion of brilliance, a +0 robe, a +0 buckler; and the
                  | following spell memorised: Sandblast; and the following
                  | spells available to memorise: Passwall, Searing Ray,
                  | Momentum Strike, Petrify.
     0 | D:1      | Reached XP level 1. HP: 13/13 MP: 4/4
    56 | D:1      | Reached XP level 2. HP: 19/19 MP: 2/5
   404 | D:1      | Reached XP level 3. HP: 25/25 MP: 4/7
   725 | D:2      | Reached skill level 1 in Invocations
   765 | D:2      | You fall into a shaft and drop 2 floors!
   765 | D:4      | Found a broken altar of Ashenzari.
   912 | D:4      | Reached skill level 1 in Fighting
   912 | D:4      | Reached skill level 1 in Short Blades
   912 | D:4      | Reached skill level 1 in Long Blades
   912 | D:4      | Reached skill level 1 in Axes
   912 | D:4      | Reached skill level 1 in Maces & Flails
   912 | D:4      | Reached skill level 1 in Polearms
   912 | D:4      | Reached skill level 1 in Staves
   912 | D:4      | Reached skill level 1 in Ranged Weapons
   912 | D:4      | Reached skill level 1 in Throwing
   912 | D:4      | Reached skill level 1 in Dodging
   912 | D:4      | Reached skill level 1 in Unarmed Combat
   994 | D:4      | Reached XP level 4. HP: 32/32 MP: 5/8
  1129 | D:4      | Reached skill level 1 in Hexes
  1129 | D:4      | Reached skill level 1 in Summonings
  1129 | D:4      | Reached skill level 1 in Necromancy
  1129 | D:4      | Reached skill level 1 in Translocations
  1129 | D:4      | Reached skill level 1 in Transmutations
  1129 | D:4      | Reached skill level 1 in Fire Magic
  1129 | D:4      | Reached skill level 1 in Ice Magic
  1129 | D:4      | Reached skill level 1 in Air Magic
  1129 | D:4      | Reached skill level 1 in Poison Magic
  1135 | D:4      | Slain by an iguana

Illustrated notes

Levels and vault maps discovered:
D:1:      dpeg_arrival_ternary, layout_rooms
D:2:      layout_rooms, serial_shops, shop, basic_altar
D:4:      layout_basic, grunt_ashenzari_visionary
          [grunt_ashenzari_visionary_swamp, grunt_ashenzari_visionary_snake],
          grunt_decor_fettered

Skill      XL: |  1  2  3  4 |
---------------+-------------+-----
Conjurations   | 2 |  2.2
Invocations    | 1 |  1.3
Fighting       | 1 |  1.2
Short Blades   | 1 |  1.2
Long Blades    | 1 |  1.2
Axes           | 1 |  1.2
Maces & Flails | 1 |  1.2
Polearms       | 1 |  1.2
Staves         | 1 |  1.2
Ranged Weapons | 1 |  1.2
Throwing       | 1 |  1.2
Dodging        | 1 |  1.2
Unarmed Combat | 1 |  1.2
Spellcasting   | 3 |  3.0
Hexes          | 1 |  1.0
Summonings     | 1 |  1.0
Necromancy     | 1 |  1.0
Translocations | 1 |  1.0
Transmutations | 1 |  1.0
Fire Magic     | 1 |  1.0
Ice Magic      | 1 |  1.0
Air Magic      | 1 |  1.0
Poison Magic   | 1 |  1.0
Armour         | |  2.8
Stealth        | |  2.6
Shields        | |  4.6
Earth Magic    | |  5.5
Evocations     | |  2.8

Action                     |  1- 3 |  4- 6 || total
---------------------------+-------+-------++-------
  Melee: Club              |     7 |       ||     7
   Cast: Sandblast         |    47 |    10 ||    57
 Armour: Robe              |     6 |       ||     6
         Leather armour    |     2 |       ||     2
  Dodge: Dodged            |     9 |     2 ||    11
  Block: Buckler           |     3 |     1 ||     4

Table legend: (Time is in decaauts)
 A = Elapsed time spent in this place.
 B = Non-inter-level travel time spent in this place.
 C = Inter-level travel time spent in this place.
 D = Time resting spent in this place.
 E = Time spent auto-exploring this place.
 F = Levels seen in this place.
 G = Mean time per level.
                   A        B        C        D        E       F      G
               +--------+--------+--------+--------+--------+-----+--------+
         Total |   1164 |   1149 |     15 |      0 |    882 |   3 |  388.0 |
       Dungeon |   1164 |   1149 |     15 |      0 |    882 |   3 |  388.0 |
               +--------+--------+--------+--------+--------+-----+--------+

Top non-repeatable levels by time:
     D:1: 660 daAuts
     D:4: 379 daAuts
     D:2: 124 daAuts
